 Dungeon Crawl Stone Soup version 0.31.0-11-ge490571c62 (webtiles) character file.

Game seed: 2328943035268618108

54 Arctor the Firebug (level 3, 0/19 HPs)
             Began as a Deep Elf Fire Elementalist on Feb 1, 2024.
             Slain by Terence
             ... wielding a +0 hand axe
              (6 damage)
             ... on level 2 of the Dungeon.
             The game lasted 00:01:01 (1829 turns).

Arctor the Firebug (Deep Elf Fire Elementalist)     Turns: 1829, Time: 00:01:03

Health: 0/19       AC:  2    Str:  5    XL:     3   Next: 66%
Magic:  2/10       EV: 13    Int: 21    God:
Gold:   60         SH:  0    Dex: 15    Spells: 6/9 levels left

rFire   . . .        (no weapon)
rCold   . . .        (no shield)
rNeg    . . .        a - +0 robe
rPois   .            (no helmet)
rElec   .            (no cloak)
rCorr   .            (no gloves)
SInv    .            (no boots)
Will    .....        (no amulet)
Stlth   ++           (no ring)
HPRegen 0.23/turn    (no ring)
MPRegen 0.12/turn

%: no passive effects
@: very slightly contaminated
A: no striking features
a: no special abilities


You were on level 2 of the Dungeon.
You visited 1 branch of the dungeon, and saw 2 of its levels.

You collected 60 gold pieces.

Inventory:

Armour
 a - a +0 robe (worn)
Scrolls
 d - a scroll of vulnerability {unknown}
 e - a scroll of poison {unknown}
 f - 2 scrolls of fog {unknown}
 h - a scroll of enchant armour {unknown}
 l - a scroll of teleportation {unknown}
 m - a scroll of revelation {unknown}
Potions
 b - a potion of magic
 c - a potion of haste {unknown}
 g - a potion of resistance {unknown}
 i - 2 potions of mutation {unknown}
 j - a potion of curing {unknown}
 k - a potion of might {unknown}


   Skills:
 + Level 3.0 Dodging
 + Level 3.1 Stealth
 + Level 3.7 Spellcasting
 + Level 2.0 Conjurations
 + Level 3.7 Fire Magic


You had 6 spell levels left.
You knew the following spells:

 Your Spells              Type           Power      Damage    Failure   Level
a - Foxfire               Conj/Fire      60%        2x1d7     3%          1
b - Scorch                Fire           38%        2d6       4%          2

Your spell library contained the following spells:

 Spells                   Type           Power      Damage    Failure   Level
 Inner Flame              Hex/Fire       11%        N/A       17%         3
 Volatile Blastmotes      Fire/Tloc      22%        2d11      17%         3
 Flame Wave               Conj/Fire      15%        2d7       36%         4


Dungeon Overview and Level Annotations

Branches:
Dungeon (2/15)

Altars:

Annotations:
D:2 Terence


Message History

You conjure some foxfire!
The rat bites you but does no damage.
A frilled lizard comes into view.
Terence barely misses you. Terence barely misses your foxfire.
You hit Terence but do no damage.
The foxfire hits Terence but does no damage.
The rat bites you. Terence hits you with a +0 hand axe.
There are monsters nearby!
You hit Terence but do no damage. The rat barely misses you.
Terence hits you with a +0 hand axe.
You are too injured to fight recklessly!
There are monsters nearby!
You are too injured to fight recklessly!
You are too injured to fight recklessly!
There are monsters nearby!
You are too injured to fight recklessly!
You are too injured to fight recklessly!
You are too injured to fight recklessly!
Casting: Foxfire (safe; 3% risk of failure)
Confirm with . or Enter, or press ? or * to list all spells.
Flames lash the rat.
You kill the rat!
You hear an angry hiss.
Casting: Scorch (safe; 4% risk of failure)
Confirm with . or Enter, or press ? or * to list all spells.
Flames lash Terence.
Terence is moderately wounded.
Terence's fire resistance burns away.
Terence barely misses you.
Casting: Scorch (safe; 4% risk of failure)
Confirm with . or Enter, or press ? or * to list all spells.
Flames lash the frilled lizard.
You kill the frilled lizard!
A ball python comes into view.
Terence hits you with a +0 hand axe.
Casting: Scorch (safe; 4% risk of failure)
Confirm with . or Enter, or press ? or * to list all spells.
You miscast Scorch.
You are very lightly contaminated with residual magic.
Nothing appears to happen.
Terence hits you with a +0 hand axe.
You die...
Terence says, "Time to find some more victims."

# ># # #.# #
########.#### #
#...........# #
####.#####.###.## .#
..)......#.##.#.###.##
####.###.#.#.###v#...####
#.# #....## ##@.†....#
#.# ###.#.# #@#...##..
#.# #....#.$....# #.#
#####S####..# #.# #.# ..#
#.# # # ..# .# .#


You could see Terence (combustible) and a ball python.

Vanquished Creatures
  An adder (D:2)
  3 dart slugs
  5 ball pythons
  5 bats
  6 endoplasms
  3 goblins
  3 hobgoblins (D:1)
  A quokka (D:1)
  3 frilled lizards
  4 kobolds
  5 rats
39 creatures vanquished.

Vanquished Creatures (others)
  206 foxfires
206 creatures vanquished.

Grand Total: 245 creatures vanquished

Notes
Turn   | Place    | Note
-------+----------+-------------------------------------------
     0 | D:1      | Arctor the Deep Elf Fire Elementalist began the quest for
                  | the Orb.
     0 | D:1      | Reached XP level 1. HP: 10/10 MP: 6/6
   190 | D:1      | Reached XP level 2. HP: 11/15 MP: 4/8
   451 | D:1      | Found a faded altar of an unknown god.
   845 | D:1      | Reached XP level 3. HP: 19/19 MP: 7/9
  1455 | D:2      | Learned a level 2 spell: Scorch
  1821 | D:2      | Noticed Terence
  1829 | D:2      | Slain by Terence

Illustrated notes

Levels and vault maps discovered:
D:1:      lemuel_arrival_river_bridge, layout_rooms,
          ebering_ecumenical_altar_rust
D:2:      layout_loops_ring, minmay_pentomino_v2, uniq_terence, uniq_jessica

Skill      XL: |  1  2  3 |
---------------+----------+-----
Stealth        | 3 |  3.1
Dodging        | 3 |  3.0
Conjurations   | 2 |  2.0
Spellcasting   | |  3.7
Fire Magic     | |  3.7

Action                     || total
---------------------------++-------
  Melee: Unarmed           ||    52
         Punch             ||     1
   Cast: Foxfire           ||   129
         Scorch            ||     3
   Stab: Sleeping          ||     1
 Armour: Robe              ||    43
  Dodge: Dodged            ||    56
